 Dungeon Crawl Stone Soup version 0.29.1-15-g9cfb28693d (webtiles) character file.

Game seed: 9884660253256386444

102 promet the Magician (level 4, -1/24 HPs)
             Began as a Deep Elf Hedge Wizard on Mar 13, 2023.
             Slain by a gnoll
             ... wielding a +0 club
              (2 damage)
             ... on level 3 of the Dungeon on Mar 14, 2023.
             The game lasted 00:20:59 (3411 turns).

promet the Magician (Deep Elf Hedge Wizard)         Turns: 3411, Time: 00:21:00

Health: -1/24      AC:  4    Str:  7    XL:     4   Next: 50%
Magic:  12/14      EV: 13    Int: 21    God:
Gold:   175        SH:  0    Dex: 14    Spells: 7/15 levels left

rFire   + . .      SeeInvis +   a - +2 short sword (speed)
rCold   . . .      Faith    .   (no shield)
rNeg    . . .      Spirit   .   b - +0 robe
rPois   .          Reflect  .   i - +0 helmet
rElec   .          Harm     .   A - scarf {repulsion}
rCorr   .          Rampage  .   (no gloves)
Will    .....                   u - +0 pair of boots
Stlth   ++........              (no amulet)
HPRegen 0.08/turn               l - ring of protection from fire
MPRegen 0.14/turn               h - ring of see invisible

@: repel missiles
A: no striking features
a: no special abilities


You were on level 3 of the Dungeon.
You visited 1 branch of the dungeon, and saw 3 of its levels.

You collected 175 gold pieces.

Inventory:

Hand Weapons
 a - a +2 short sword of speed (weapon)
 j - a +0 dagger
 n - a +0 halberd
 o - a +0 spear
 p - a +0 flail
 t - a +0 long sword
Missiles
 e - 24 stones
 f - 2 boomerangs
 q - 6 javelins
 r - 3 silver boomerangs
Armour
 b - a +0 robe (worn)
 c - a +0 hat
 i - a +0 helmet (worn)
 k - the +1 scale mail of the Other World {Stlth+}
   (You found it on level 2 of the Dungeon)

   Stlth:     It makes you more stealthy.
 u - a +0 pair of boots (worn)
 A - a scarf of repulsion (worn)
Jewellery
 h - a ring of see invisible (right hand)
 l - a ring of protection from fire (left hand)
 m - a ring of ice
 y - a ring of ice
Wands
 w - a wand of flame (17)
Potions
 d - a potion of magic
 g - a potion of haste
 v - a potion of might
 x - a potion of mutation
 z - 2 potions of attraction


   Skills:
 + Level 0.1 Fighting
 + Level 0.8(0.9) Short Blades
 + Level 0.2(0.5) Long Blades
 + Level 2.9 Dodging
 + Level 3.4 Stealth
 + Level 6.0 Spellcasting
 + Level 1.1 Conjurations
 + Level 1.7 Summonings
 + Level 1.1 Translocations


You had 7 spell levels left.
You knew the following spells:

 Your Spells              Type           Power      Damage    Failure   Level
a - Magic Dart            Conj           44%        1d5       6%          1
b - Blink                 Tloc           20%        N/A       10%         2
c - Call Imp              Summ           13%        N/A       7%          2
d - Slow                  Hex            24%        N/A       10%         1
e - Ensorcelled Hibernat  Hex/Ice        12%        N/A       14%         2

Your spell library contained the following spells:

 Spells                   Type           Power      Damage    Failure   Level
 Static Discharge         Conj/Air       8%         3-4/arc   12%         2
 Conjure Flame            Conj/Fire      8%         6-21      22%         3
 Portal Projectile        Hex/Tloc       16%        N/A       24%         3
 Mephitic Cloud           Conj/Pois/Air  7%         N/A       26%         3
 Spider Form              Tmut/Pois      6%         N/A       28%         3
 Sticky Flame             Conj/Fire      8%         2d3       58%         4
 Anguish                  Hex/Necr       3%         N/A       67%         4
 Dispel Undead            Necr           6%         3d8       67%         4
 Enfeeble                 Hex            3%         N/A       100%        7


Dungeon Overview and Level Annotations

Branches:
Dungeon (3/15)

Altars:


Message History

A ball python comes into view.
The ball python hisses angrily.
You hit the ball python.
You kill the ball python!
There is an open door here.
You see here a ball python corpse.
You now have 175 gold pieces (gained 12).
You open the door.
There is an open door here. 3 gnolls come into view.
The gnoll shouts! x2
The gnoll shouts!
The gnoll misses you.
You hit the gnoll.
The gnoll is moderately wounded.
You hit the gnoll but do no damage.
The gnoll is moderately wounded.
The gnoll misses you.
The gnoll hits you from afar with a +0 spear.
You hit the gnoll but do no damage.
The gnoll is moderately wounded.
The gnoll hits you with a +0 spear.
The gnoll hits you from afar with a +0 spear!
You aren't carrying any scrolls.
Cast which spell? (? or * to list)
You blink.
The gnoll misses you. The gnoll attacks as you move away!
The gnoll completely misses you.
You feel stable enough to blink again. The gnoll attacks as you move away!
The gnoll closely misses you. The gnoll attacks as you move away!
The gnoll closely misses you. The gnoll attacks as you move away!
The gnoll hits you with a +0 club!
* * * LOW HITPOINT WARNING * * *
The gnoll attacks as you move away! The gnoll barely misses you.
The gnoll attacks as you move away! The gnoll hits you with a +0 club.
* * * LOW HITPOINT WARNING * * *
Casting: Blink (safe; 10% risk of failure)
Confirm with . or Enter, or press ? or * to list all spells.
A beastly little devil appears in a puff of flame.
The gnoll hits you with a +0 club.
You die...

#.#########
#.########..#
#....gg...# #.# #...
#########.# #.# #...
#.# #.# ####... #g# #.#
#...... #g# #.# #.#....
#.# #.# #.#####
#.#########.#.# #...#
#...g.gg@.5.#.#######.#
###########.#.........#
#.######### ###


You could see 3 gnolls and a friendly crimson imp (summoned).

Vanquished Creatures
  An adder (D:3)
  2 worms (D:3)
  4 bats
  An endoplasm (D:3)
  3 giant cockroaches
  4 goblins
  A hobgoblin (D:1)
  A jackal (D:2)
  A quokka (D:1)
  9 ball pythons
  2 frilled lizards
  3 kobolds
  4 rats
36 creatures vanquished.

Vanquished Creatures (collateral kills)
  4 gnolls (D:2)
  A dart slug (D:3)
  A giant cockroach (D:3)
  A goblin (D:3)
  A hobgoblin (D:2)
  A jackal (D:2)
  A kobold (D:2)
  A frilled lizard (D:2)
11 creatures vanquished.

Vanquished Creatures (others)
  11 plants (D:2)
11 creatures vanquished.

Grand Total: 58 creatures vanquished

Notes
Turn   | Place    | Note
-------+----------+-------------------------------------------
     0 | D:1      | promet the Deep Elf Hedge Wizard began the quest for the
                  | Orb.
     0 | D:1      | Reached XP level 1. HP: 10/10 MP: 7/7
     4 | D:1      | You fall into a shaft and drop 1 floor!
   407 | D:1      | Reached XP level 2. HP: 13/15 MP: 9/9
   410 | D:1      | Learned a level 2 spell: Blink
   413 | D:1      | Learned a level 2 spell: Call Imp
   415 | D:1      | Learned a level 1 spell: Slow
   418 | D:1      | Learned a level 2 spell: Ensorcelled Hibernation
   707 | D:1      | Reached skill level 5 in Spellcasting
  1013 | D:2      | Identified the +1 scale mail of the Other World {Stlth+}
  1276 | D:2      | Reached XP level 3. HP: 19/19 MP: 11/11
  1783 | D:2      | Found a faded altar of an unknown god.
  2058 | D:3      | Reached XP level 4. HP: 24/24 MP: 11/13
  2143 | D:3      | Got the Precepts of the Blizzard and Guile
  3060 | D:3      | Reached skill level 6 in Spellcasting
  3410 | D:3      | HP: 1/24 [gnoll/+0 club (5)]
  3411 | D:3      | Slain by a gnoll

Illustrated notes

Levels and vault maps discovered:
D:1:      reono_arrival_forest_river, layout_loops_ring
D:2:      layout_basic, shapermc_ecumenical_altar_acropolis,
          hangedman_decor_clover_reticule, chequers_serial_rivers_marsh,
          nicolae_grassy_gnolls
D:3:      layout_basic

Skill      XL: |  1  2  3  4 |
---------------+-------------+-----
Spellcasting   | 5 6 |  6.0
Stealth        | 3 |  3.4
Fighting       | |  0.1
Short Blades   | |  0.8
Long Blades    | |  0.2
Dodging        | |  2.9
Conjurations   | |  1.1
Summonings     | |  1.7
Translocations | |  1.1

Action                   |  1- 3 |  4- 6 || total
-------------------------+-------+-------++-------
Melee: Dagger            |    21 |       ||    21
       Long sword        |     9 |       ||     9
       Short sword       |     1 |    65 ||    66
 Cast: Magic Dart        |    20 |     7 ||    27
       Call Imp          |     8 |     6 ||    14
       Slow              |     2 |       ||     2
       Blink             |       |     1 ||     1
  Use: Scroll            |     5 |     5 ||    10
 Stab: Distracted        |     1 |       ||     1
       Sleeping          |     1 |     1 ||     2
Armor: Robe              |    15 |     9 ||    24
Dodge: Dodged            |    21 |    37 ||    58
